 Dungeon Crawl Stone Soup version 0.14-a0-2100-g3cf34dd (webtiles) character file.

10647 Mitsuki the Bludgeoner (level 11, -7/113 HPs)
             Began as an Ogre Hunter on Jan 26, 2014.
             Was an Elder of Okawaru.
             Killed from afar by DasRunzen's ghost (14 damage)
             ... with a blast of negative energy
             ... on Level 1 of the Lair of Beasts.
             The game lasted 00:53:19 (10982 turns).

Mitsuki the Bludgeoner (Ogre Hunter)               Turns: 10982, Time: 00:53:20

HP  -7/113       AC 14     Str 21      XL: 11   Next: 56%
MP  11/11        EV  9     Int 13      God: Okawaru [****..]
Gold 585         SH  0     Dex 11      Spells:  1 memorised,  8 levels left

rFire  . . .     SeeInvis .     y - +3,+4 flail (protect)
rCold  . . .     Clarity  +     l - +0 mottled dragon armour
rNeg   . . .     Conserve .     (shield restricted)
rPois  +         rCorr    .     z - +2 hat (curse)
rElec  .         rRot     .     (no cloak)
SustAb . .       Spirit   .     (gloves unavailable)
rMut   .         Warding  .     (boots unavailable)
Saprov + . .     Stasis   .     v - cursed amulet of clarity
MR     +....                    (no ring)
                                r - +3 ring of intelligence

@: very slightly contaminated, heavily drained, somewhat resistant to hostile
enchantments, very unstealthy
A: unfitting armour, herbivore 1, fast metabolism 1, poison resistance,
saprovore 1, spit poison 1, tough skin 1
a: Spit Poison, Heroism, Renounce Religion


You were on level 1 of the Lair of Beasts.
You worshipped Okawaru.
Okawaru was greatly pleased with you.
You were very full.

You visited 3 branches of the dungeon, and saw 12 of its levels.

You collected 585 gold pieces.

Inventory:

Hand weapons
 y - a +3,+4 flail of protection (weapon)
Missiles
 a - a large rock (quivered)
Armour
 l - a +0 mottled dragon armour (worn)
 z - a cursed +2 hat (worn)
Magical devices
 m - a wand of disintegration (13)
Comestibles
 w - 12 bananas
 A - a cheese
Scrolls
 b - a scroll of remove curse
 e - 4 scrolls of teleportation
 g - 3 scrolls of identify
 j - a scroll of blinking
 s - a scroll of fog
Jewellery
 r - a +3 ring of intelligence (left hand)
 t - a cursed ring of fire
 v - a cursed amulet of clarity (around neck)
Potions
 c - a potion of resistance
 i - a potion of speed
 n - a potion of restore abilities
 u - 2 potions of curing
 H - a potion of flight


   Skills:
 - Level 8.9(7.5) Fighting
 + Level 17.2(15.5) Maces & Flails
 + Level 10.0(8.6) Throwing
 - Level 0.2(0.0) Armour
 - Level 2.3(1.2) Dodging
 - Level 0.7(0.0) Stealth
 - Level 0.1(0.0) Earth Magic
 - Level 0.1(0.0) Evocations


You had 8 spell levels left.
You knew the following spells:

 Your Spells              Type           Power        Failure   Level  Hunger
a - Stoneskin             Trmt/Erth      #.........   47%         2    ###....


Dungeon Overview and Level Annotations

Branches:
Dungeon (10/16)            Temple (1/1) D:7             Orc (0/4) D:9
   Lair (1/8) D:10

Altars:
Ashenzari
Cheibriados
Dithmengos
Elyvilon
Fedhas
Kikubaaqudgha
Okawaru
Sif Muna
Trog
Vehumet
Xom
Yredelemnul
Zin
The Shining One

Shops:
D:7 *   D:8 %   D:9 :

Annotations:
Lair:1 DasRunzen's ghost, powerful DrSk


Innate Abilities, Weirdness & Mutations

You are too large for most types of armour.
You have a fast metabolism.
You can tolerate rotten meat.
You have tough skin (AC +1).
You digest meat inefficiently.
Your system is resistant to poisons.
You can spit poison.


Message History

As you read the scroll of blinking, it crumbles to dust.
You are very lightly contaminated with residual magic.
Throwing (i - inventory):
a - 3 large rocks (quivered)
Press: ? - help, Shift-Dir - straight line, f - spiny frog
Aim: a spiny frog (heavily wounded)
You throw a large rock.
The large rock crashes through the spiny frog.
You kill the spiny frog!
Okawaru accepts your kill.
The large rock crashes through DasRunzen's ghost.
DasRunzen's ghost is severely damaged.
Throwing (i - inventory):
a - 2 large rocks (quivered)
Press: ? - help, Shift-Dir - straight line, f - DasRunzen's ghost
Aim: DasRunzen's ghost (severely damaged)
You throw a large rock.
The large rock crashes through DasRunzen's ghost.
DasRunzen's ghost is severely damaged.
DasRunzen's ghost breathes negative energy at you.
The blast of negative energy hits you!
You feel drained.
You die...

..... .........(....#.#
... ###.#.f.......# .
.............#
###.#.#.#....## #
............#.##
#................# ###
#...##>###..f....#
#.###...##.###....#..#
#..(p%.....@.%.......#
#ยง###..(#P.#..........#
#.# #(..##.#.........##
#p# #(..#...#.....##..
#.###...#P......P.# #
#(.[p.............#
####..j............#
####..###..#....
#.......## #...##.


You could see DasRunzen's ghost.

Vanquished Creatures
  A hydra (D:10)
  An anaconda (shapeshifter) (D:9)
  The ghost of Mygna the Archer, an experienced CeHu of Okawaru (D:7)
  A hill giant (D:10)
  A spiny frog (Lair:1)
  A fire drake (Lair:1)
  A troll (D:9)
  A shadow (D:8)
  8 yaks
  A hungry ghost (D:8)
  The ghost of Leibowitz the Ducker, an average MfGl (D:4)
  3 hippogriffs
  Edmund (D:4)
  Menkaure (D:7)
  A soldier ant (shapeshifter) (D:10)
  A sky beast (D:5)
  A black bear (D:7)
  A porcupine (Lair:1)
  A mottled dragon (D:8)
  2 centaurs
  7 ogres
  4 orc warriors
  2 ice beasts
  4 wargs (D:9)
  Blork the orc (D:7)
  A crocodile (Lair:1)
  A gnoll sergeant (D:9)
  3 big kobolds (D:10)
  2 water moccasins
  An agate snail (D:5)
  6 giant frogs
  A troll skeleton (D:9)
  4 crimson imps
  A gnoll shaman (D:9)
  A goliath beetle (D:10)
  4 hounds
  8 orc wizards
  8 orc priests
  4 iguanas
  3 scorpions
  7 worker ants
  2 sheep (D:10)
  Ijyb (D:2)
  Jessica (D:3)
  A hound zombie (D:6)
  A mummy (D:9)
  17 gnolls
  9 adders
  A giant centipede (Lair:1)
  4 worms
  A giant centipede zombie (D:7)
  An adder skeleton (D:9)
  An iguana skeleton (D:7)
  5 giant geckos
  44 orcs
  14 bats
  A giant cockroach (D:7)
  21 hobgoblins
  14 jackals
  2 ball pythons
  2 giant newts (D:1)
  10 goblins
  A hobgoblin zombie (D:8)
  A jackal zombie (D:6)
  11 kobolds
  An orc zombie (D:8)
  6 quokkas
  11 rats
  A plant (D:1)
288 creatures vanquished.

Vanquished Creatures (others)
  A giant eyeball (D:5)
1 creature vanquished.

Grand Total: 289 creatures vanquished

Notes
Turn   | Place    | Note
--------------------------------------------------------------
     0 | D:1      | Mitsuki, the Ogre Hunter, began the quest for the Orb.
     0 | D:1      | Reached XP level 1. HP: 22/22 MP: 1/1
   413 | D:1      | Reached XP level 2. HP: 16/31 MP: 2/2
  1086 | D:2      | Reached XP level 3. HP: 37/37 MP: 3/3
  1658 | D:2      | Noticed Ijyb
  1704 | D:2      | Killed Ijyb
  1704 | D:2      | Reached XP level 4. HP: 26/45 MP: 4/4
  2253 | D:3      | Reached skill level 5 in Maces & Flails
  2253 | D:3      | Reached XP level 5. HP: 27/53 MP: 5/5
  2259 | D:3      | Reached skill level 6 in Maces & Flails
  2996 | D:3      | Reached skill level 7 in Maces & Flails
  2996 | D:3      | Reached XP level 6. HP: 40/61 MP: 6/6
  3044 | D:3      | Noticed Jessica
  3045 | D:3      | Killed Jessica
  3263 | D:4      | Noticed Edmund
  3267 | D:4      | Killed Edmund
  3267 | D:4      | Reached skill level 8 in Maces & Flails
  3425 | D:4      | Reached XP level 7. HP: 54/67 MP: 7/7
  3443 | D:4      | Reached skill level 9 in Maces & Flails
  3762 | D:4      | Noticed Leibowitz's ghost (average MfGl)
  3770 | D:4      | Killed Leibowitz's ghost
  3770 | D:4      | Reached skill level 10 in Maces & Flails
  3770 | D:4      | Reached XP level 8. HP: 65/79 MP: 8/8
  3940 | D:4      | Reached skill level 5 in Fighting
  4117 | D:5      | Entered Level 5 of the Dungeon
  4264 | D:5      | Reached skill level 11 in Maces & Flails
  4267 | D:5      | Paralysed by a giant eyeball for 2 turns
  4735 | D:5      | Found a snail-covered altar of Cheibriados.
  4947 | D:6      | Learned a level 2 spell: Stoneskin
  5142 | D:6      | Gained mutation: You digest meat inefficiently. [potion of mutation]
  5142 | D:6      | Gained mutation: Your system is resistant to poisons. [potion of mutation]
  5142 | D:6      | Gained mutation: You can spit poison. [potion of mutation]
  5227 | D:6      | Found a basalt altar of Yredelemnul.
  5253 | D:6      | Found a white marble altar of Elyvilon.
  5462 | D:6      | Reached skill level 12 in Maces & Flails
  5686 | D:7      | Noticed Mygna's ghost (experienced CeHu)
  6044 | D:7      | Killed Mygna's ghost
  6044 | D:7      | Reached skill level 13 in Maces & Flails
  6044 | D:7      | Reached XP level 9. HP: 73/93 MP: 9/9
  6254 | D:7      | Reached skill level 14 in Maces & Flails
  6287 | D:7      | Found a staircase to the Ecumenical Temple.
  6348 | Temple   | Entered the Ecumenical Temple
  6509 | Temple   | Became a worshipper of Warmaster Okawaru
  6553 | D:7      | Noticed Menkaure
  6569 | D:7      | Killed Menkaure
  6926 | D:7      | Found Necuek's Assorted Antiques.
  7007 | D:7      | Noticed Blork the orc
  7012 | D:7      | Killed Blork the orc
  7228 | D:8      | Reached skill level 5 in Throwing
  7526 | D:8      | Paralysed by a potion of paralysis for 4 turns
  7542 | D:8      | Reached XP level 10. HP: 85/106 MP: 10/10
  8159 | D:8      | Found Scham's Food Shop.
  8263 | D:8      | Acquired Okawaru's first power
  8295 | D:8      | Found a snail-covered altar of Cheibriados.
  8480 | D:8      | Reached skill level 15 in Maces & Flails
  8524 | D:9      | Found Cepaegai's Book Emporium.
  8906 | D:9      | Found a staircase to the Orcish Mines.
  8950 | D:9      | Noticed an anaconda
  8958 | D:9      | Killed an anaconda
  8958 | D:9      | Reached skill level 16 in Maces & Flails
  9495 | D:9      | Reached XP level 11. HP: 113/113 MP: 11/11
  9845 | D:9      | Found a shattered altar of Ashenzari.
  9845 | D:9      | Found a deep blue altar of Sif Muna.
  9892 | D:10     | Entered Level 10 of the Dungeon
  9912 | D:10     | Found a glowing golden altar of the Shining One.
 10367 | D:10     | Noticed a hill giant
 10376 | D:10     | Killed a hill giant
 10441 | D:10     | Found a staircase to the Lair.
 10585 | D:10     | Noticed a three-headed hydra
 10594 | D:10     | Killed a three-headed hydra
 10594 | D:10     | Reached skill level 17 in Maces & Flails
 10596 | D:10     | Received a gift from Okawaru
 10700 | Lair:1   | Entered Level 1 of the Lair of Beasts
 10921 | Lair:1   | Reached skill level 10 in Throwing
 10960 | Lair:1   | Noticed DasRunzen's ghost (powerful DrSk)
 10976 | Lair:1   | HP: 5/113 [spiny frog (12)]
 10982 | Lair:1   | Killed from afar by DasRunzen's ghost

Action                   |  1- 3 |  4- 6 |  7- 9 | 10-12 || total
-------------------------+-------+-------+-------+-------++-------
Melee: Club              |   214 |    81 |       |       ||   295
       Flail             |       |     7 |   225 |   234 ||   466
Throw: Large rock        |    24 |    17 |    48 |    98 ||   187
       Throwing net      |     2 |       |     2 |       ||     4
 Cast: Stoneskin         |       |       |     1 |       ||     1
 Abil: Spit Poison       |       |       |       |     1 ||     1
Evoke: Wand              |       |       |     1 |     4 ||     5
  Use: Potion            |       |       |    13 |       ||    13
       Scroll            |       |       |    19 |     7 ||    26
 Stab: Held in net/web   |     3 |       |       |       ||     3
       Sleeping          |       |       |     2 |       ||     2
       Distracted        |       |       |     1 |       ||     1
